Map: Dreamcatcher LE

Players

Namshar

  • Race: Zerg Zerg
  • League: Grandmaster
  • Spawn Location: 11:00

Bunny - Winner!

  • Race: Terran Terran
  • League: Diamond
  • Spawn Location: 5:00

Event: HomeStory Cup XVII

VOD

Have the link to the VOD?

Description

Time

  • Played on: June 28, 2018, 9:13 p.m.
  • Length: 18:56

All games in this series

Show
View Real Time Build Order
Export as new Build Order

Namshar Zerg 

Build Orders: Hatch First 

Get SALT Encoding   

  12  0:00  Drone  
  13  0:12  Overlord  
  13  0:16  Drone  
  14  0:31  Drone x2  
  14  0:34  Drone  
  17  0:51  Hatchery  
  17  0:54  Drone  
  17  0:57  Drone  
  18  1:08  Extractor  
  17  1:12  Spawning Pool  
  17  1:15  Drone  
  17  1:18  Drone  
  18  1:28  Drone  
  19  1:38  Drone  
  20  1:48  Overlord  
  20  1:59  Queen  
  22  2:02  Queen  
  22  2:03  Zergling x4  
  26  2:10  Drone  
  26  2:14  Drone  
  28  2:22  Hatchery  
  27  2:25  Drone  
  27  2:28  Drone  
  29  2:33  Drone  
  30  2:41  Drone  
  31  2:46  Queen  
  31  2:47  Metabolic Boost  
  33  2:53  Drone x2  
  35  3:01  Overlord  
  35  3:02  Drone  
  36  3:12  Overlord  
  37  3:20  Drone x4  
  37  3:21  Drone  
  37  3:22  Queen  
  43  3:29  Drone  
  43  3:30  Queen  
  46  3:36  Zergling x6  
  49  3:44  Overlord  
  49  3:47  Drone x6  
  55  3:52  Queen  
  57  3:57  Overlord  
  57  3:58  Overlord  
  57  4:08  Overlord  
  57  4:14  Overlord, Drone  
  57  4:15  Drone x6  
  57  4:16  Drone  
  65  4:20  Zergling x2  
  66  4:24  Zergling x2  
  67  4:37  Lair  
  67  4:40  Extractor  
  67  4:41  Drone, Extractor  
  67  4:42  Drone x8, Extractor  
  67  4:44  Zergling x4  
  74  5:09  Overlord x2  
  74  5:10  Overlord x2  
  74  5:16  Queen, Evolution Chamber x2  
  74  5:17  Baneling Nest  
  73  5:28  Zergling x8  
  76  5:29  Drone x5, Zergling x4  
  76  5:30  Drone x2  
  86  5:41  Drone x3  
  86  5:42  Zerg Ground Armor Level 1, Zerg Melee Weapons Level 1  
  89  5:45  Drone x2, Extractor  
  89  5:46  Drone x4, Extractor  
  89  5:47  Hatchery  
  93  6:00  Centrifical Hooks, Drone x2  
  93  6:04  Hydralisk Den  
  92  6:09  Hatchery  
  91  6:16  Zergling x2  
  91  6:17  Zergling x20  
  102  6:19  Baneling x4  
  102  6:28  Zergling x2  
  102  6:29  Zergling x6  
  102  6:31  Overlord x3  
  106  6:33  Grooved Spines  
  104  6:48  Baneling x6, Drone  
  104  6:49  Drone  
  106  6:55  Zergling x14  
  109  7:03  Zergling x10  
  110  7:18  Zergling x10  
  115  7:24  Infestation Pit  
  115  7:25  Drone  
  115  7:26  Overlord x2, Hydralisk, Drone x2  
  115  7:27  Hydralisk x7  
  133  7:30  Baneling x5  
  133  7:36  Overlord x3  
  133  7:37  Overlord  
  133  7:45  Muscular Augments  
  133  7:47  Zergling x10  
  136  7:58  Zergling x30  
  141  8:05  Queen  
  141  8:09  Queen x2  
  146  8:14  Drone x3  
  146  8:15  Drone  
  146  8:19  Zerg Ground Armor Level 2, Queen, Zerg Melee Weapons Level 2  
  152  8:24  Hatchery  
  151  8:30  Baneling  
  151  8:31  Baneling x3, Hydralisk x3  
  157  8:38  Hatchery  
  157  8:40  Baneling x11  
  155  8:50  Zergling x28  
  169  9:05  Hive  
  169  9:08  Hydralisk  
  169  9:09  Zergling x28  
  184  9:14  Zergling x2  
  184  9:15  Zergling x10  
  190  9:24  Overlord x2  
  190  9:26  Baneling x10  
  190  9:27  Baneling  
  190  9:28  Baneling x2  
  190  9:32  Baneling  
  190  9:33  Baneling x2  
  190  9:41  Queen  
  191  9:46  Hydralisk  
  191  9:47  Zergling x14  
  199  9:55  Baneling x6  
  153  10:23  Hydralisk x6  
  153  10:24  Zergling x10  
  153  10:25  Zergling x28  
  153  10:28  Baneling x8  
  183  10:42  Adrenal Glands  
  183  10:45  Zergling x2  
  183  10:46  Zergling x28  
  194  10:52  Baneling x2, Hydralisk  
  194  10:53  Zergling x2  
  197  11:04  Hydralisk, Zergling x8  
  171  11:05  Zergling x4  
  163  11:11  Baneling x4  
  163  11:12  Baneling x2, Hydralisk  
  163  11:13  Zergling x30  
  164  11:24  Hydralisk, Zergling x2  
  164  11:25  Zergling x8  
  156  11:29  Zergling x2  
  153  11:35  Zergling x4  
  153  11:36  Zergling x4  
  157  11:46  Zergling x10  
  158  11:48  Queen x2, Hatchery  
  158  11:49  Queen  
  163  11:54  Zerg Melee Weapons Level 3, Zerg Ground Armor Level 3  
  163  11:55  Viper  
  163  11:56  Viper  
  163  11:58  Zergling x6  
  163  11:59  Queen  
  174  12:04  Baneling x4, Zergling x2  
  174  12:05  Zergling x2  
  175  12:09  Baneling x3  
  175  12:15  Baneling x3  
  174  12:23  Hydralisk  
  174  12:24  Zergling x20  
  186  12:35  Hydralisk, Zergling x2  
  186  12:36  Zergling x16  
  194  12:43  Hydralisk  
  165  12:44  Zergling x10  
  161  12:53  Zergling x10  
  164  13:06  Baneling x13  
  164  13:09  Hatchery  
  164  13:10  Zergling x10  
  168  13:27  Queen  
  168  13:41  Zergling x18  
  168  13:42  Zergling x30  
  175  14:04  Hatchery  
  175  14:08  Zergling x2  
  175  14:09  Zergling x30  
  190  14:16  Viper  
  190  14:17  Viper  
  196  14:29  Baneling x8  
  196  14:31  Hydralisk  
  196  14:32  Zerg Missile Weapons Level 1, Zergling x2  
  193  15:25  Queen, Extractor  
  193  15:27  Baneling x3  
  193  15:28  Baneling x21  
  194  15:30  Hydralisk  
  194  15:31  Zergling x6  
  173  15:47  Hydralisk, Zergling x2  
  173  15:48  Zergling x46  
  179  15:59  Hydralisk  
  179  16:00  Zergling x24  
  179  16:03  Baneling x5  
  190  16:09  Hydralisk  
  190  16:10  Hatchery, Zergling x14  
  190  16:31  Zergling x22  
  180  16:55  Hydralisk, Zergling x2  
  180  16:56  Zergling x24  
  176  17:10  Hydralisk, Zergling x2  
  176  17:11  Zergling x22  
  190  17:16  Baneling  
  190  17:17  Baneling x11  
  190  17:28  Hydralisk  
  190  17:29  Zergling x18  
  200  17:43  Hydralisk  
  192  17:48  Hydralisk  
  192  17:49  Hydralisk  
  192  17:50  Hydralisk x8  
  198  17:53  Spawning Pool  
  198  17:56  Ultralisk Cavern  
  180  18:02  Hydralisk x10  
  162  18:16  Hydralisk x2  
  128  18:36  Hatchery  
Show
View Real Time Build Order
Export as new Build Order

Bunny Terran - Winner!

Build Orders: Hellion Opening, Reaper Expand, MMM Bio 

Get SALT Encoding   

  12  0:00  SCV  
  13  0:12  SCV  
  14  0:17  Supply Depot  
  14  0:24  SCV  
  15  0:38  SCV  
  15  0:40  Barracks  
  16  0:43  Refinery  
  16  0:50  SCV  
  17  1:02  SCV  
  18  1:15  SCV  
  19  1:27  Orbital Command, Reaper  
  20  1:39  Command Center  
  20  1:50  Supply Depot  
  20  1:52  SCV  
  21  1:59  Marine  
  22  2:04  SCV  
  22  2:07  Factory  
  23  2:11  Refinery  
  23  2:16  SCV  
  23  2:20  Barracks Reactor  
  24  2:28  SCV  
  25  2:40  SCV  
  26  2:52  Orbital Command, SCV  
  26  2:53  Starport  
  27  3:03  Hellion x2  
  27  3:05  SCV  
  31  3:12  Barracks Tech Lab  
  31  3:17  SCV  
  31  3:18  SCV  
  33  3:23  Supply Depot  
  33  3:24  Hellion x2  
  37  3:29  SCV  
  37  3:30  SCV  
  37  3:31  Viking  
  41  3:41  SCV  
  42  3:42  SCV  
  42  3:45  Hellion  
  42  3:46  Hellion  
  47  3:52  Supply Depot  
  47  3:53  SCV  
  47  3:54  SCV  
  49  4:05  SCV  
  49  4:06  SCV  
  49  4:07  Hellion  
  53  4:14  Hellion, Command Center  
  55  4:19  Stimpack, SCV  
  55  4:20  SCV  
  57  4:24  Supply Depot  
  57  4:32  SCV x2  
  57  4:37  Marine  
  60  4:41  Barracks  
  60  4:44  SCV x2, Barracks  
  62  4:46  Engineering Bay x2  
  62  4:47  Starport Reactor  
  62  4:48  Factory Reactor  
  62  4:54  Refinery  
  62  4:55  Refinery  
  62  4:58  SCV x2  
  62  5:06  Marine  
  63  5:10  SCV x2  
  65  5:15  Terran Infantry Armor Level 1, Terran Infantry Weapons Level 1  
  65  5:22  SCV x2  
  65  5:23  Marine  
  65  5:27  Orbital Command  
  68  5:33  Medivac x2  
  68  5:34  Marine x2  
  68  5:35  SCV x2  
  76  5:39  Marine x2  
  76  5:40  Factory Tech Lab  
  76  5:42  Marine  
  79  5:47  SCV x2  
  79  5:48  Barracks x2  
  81  5:55  Marine x2  
  83  5:57  Marine x2  
  83  5:58  Orbital Command  
  85  6:05  Supply Depot  
  85  6:06  Armory  
  85  6:10  Supply Depot  
  85  6:12  Marine, SCV x2  
  88  6:19  Combat Shields, Marine x4  
  88  6:23  SCV  
  93  6:27  SCV  
  93  6:29  Supply Depot  
  93  6:30  Marine  
  95  6:37  Marine x2  
  92  6:40  SCV x3  
  92  6:45  Barracks Reactor x2  
  93  6:56  Marine x5  
  98  7:01  SCV x3  
  98  7:02  Medivac x2  
  98  7:05  Supply Depot  
  102  7:17  Marine x5, Siege Tank  
  102  7:18  SCV x3  
  102  7:21  Terran Infantry Armor Level 2, Terran Infantry Weapons Level 2  
  113  7:26  Marine x4  
  117  7:31  Supply Depot  
  117  7:32  Medivac x2  
  117  7:34  Marine  
  117  7:35  Marine x2  
  124  7:38  Marine, Concussive Shells  
  125  7:52  Marine x4  
  125  7:53  Siege Tank  
  125  7:57  Liberator x2  
  119  7:59  Marine x5  
  123  8:10  Marine x4  
  123  8:11  Command Center  
  125  8:13  Barracks  
  125  8:14  Barracks x2  
  125  8:17  Marine x2  
  133  8:22  Supply Depot x3, Marine  
  133  8:25  Siege Tank  
  137  8:31  Marauder  
  137  8:32  Marine x2  
  141  8:37  Refinery  
  141  8:38  Supply Depot  
  141  8:40  Liberator x2  
  141  8:44  Marine x6  
  147  8:49  Marine  
  147  8:50  Marine  
  147  8:52  Marine  
  150  8:57  Siege Tank  
  150  9:01  Barracks Reactor, Barracks Tech Lab  
  150  9:02  Barracks Tech Lab  
  158  9:03  SCV x3  
  158  9:09  Marine x6  
  167  9:11  Marauder  
  167  9:14  Marine x2  
  171  9:26  Marauder x2  
  171  9:27  Marine x3  
  171  9:29  Siege Tank  
  171  9:30  Sensor Tower  
  181  9:31  SCV x2  
  181  9:32  SCV  
  181  9:33  Marine x4  
  188  9:47  Marine  
  188  9:49  Liberator x2  
  187  10:01  Marine  
  187  10:06  Marine x2  
  196  10:08  Marine  
  196  10:09  Marine  
  196  10:11  Marauder  
  196  10:12  Marine x2  
  196  10:13  Marine  
  196  10:14  Marine  
  196  10:15  Marauder x2  
  183  10:27  Marine x6  
  189  10:30  Marine  
  189  10:32  Marauder  
  191  10:36  Marauder x2  
  195  10:43  Liberator  
  195  10:44  Liberator  
  195  10:54  Marauder  
  196  11:00  Marauder  
  196  11:01  Marauder  
  185  11:04  Marine  
  185  11:05  Marine x5  
  172  11:11  Marine  
  172  11:13  Terran Infantry Weapons Level 3, Marine x2, Terran Infantry Armor Level 3  
  172  11:16  Marauder, Marine  
  168  11:22  Marauder x2, Marine  
  153  11:25  Marine  
  153  11:26  Liberator, Marine x3  
  153  11:32  Marine x4  
  152  11:34  Marine  
  152  11:35  Planetary Fortress  
  152  11:36  SCV  
  152  11:37  Marauder, SCV  
  152  11:38  SCV  
  157  11:43  Marauder  
  157  11:44  Marauder  
  157  11:47  Medivac  
  166  11:48  SCV  
  167  11:56  Sensor Tower  
  167  11:58  SCV x2  
  167  12:00  SCV  
  170  12:03  Marauder  
  170  12:08  Supply Depot x2, Marauder x2  
  176  12:10  SCV  
  176  12:11  Marine  
  176  12:12  Marine x2  
  179  12:29  Marine x3  
  188  12:30  Marauder x3, Marine x2  
  188  12:36  Sensor Tower  
  190  12:39  Marine, Missile Turret  
  190  12:43  Medivac  
  121  12:51  Marauder x2  
  121  12:52  Marine x4  
  121  12:53  Marine  
  121  12:54  Marine  
  121  12:56  Marine  
  121  12:57  Marine  
  128  13:00  Marine x2  
  128  13:03  Medivac  
  132  13:13  Medivac  
  132  13:18  Marauder x2  
  140  13:20  Marauder  
  140  13:22  Command Center  
  140  13:23  Marine  
  140  13:24  Marine x4  
  140  13:25  Marine  
  146  13:27  SCV x2  
  146  13:28  SCV  
  149  13:35  Marine x2  
  150  13:46  Liberator x2  
  149  13:54  Marauder x2  
  151  14:00  Marine  
  151  14:01  Marine x7  
  155  14:05  Marauder  
  155  14:09  Marine  
  163  14:10  Marine  
  163  14:13  Ghost Academy, Siege Tank  
  163  14:15  Marauder, SCV  
  163  14:16  SCV x2  
  173  14:19  Marine x3  
  173  14:20  Marine x5  
  181  14:31  Starport  
  181  14:37  Planetary Fortress  
  181  14:41  Sensor Tower  
  181  14:42  Marauder x3  
  181  14:44  Marine  
  181  14:45  Marine x9  
  197  14:51  Medivac  
  193  15:03  Marauder  
  193  15:04  Marauder x2  
  197  15:07  Medivac  
  197  15:13  Marine  
  197  15:14  Marine x6  
  187  15:20  Marine  
  187  15:21  Marine x2  
  196  15:25  Marauder x2  
  200  15:31  Sensor Tower  
  200  15:36  Missile Turret x3  
  178  15:43  Marauder  
  178  15:46  Marauder x2  
  178  15:47  Marine  
  178  15:48  Marine x6  
  168  15:51  Marine  
  168  15:55  Orbital Command  
  168  16:00  Medivac x2  
  172  16:05  Marauder  
  172  16:06  Marine  
  172  16:07  Marine x5  
  172  16:08  Orbital Command, Marauder x2, Marine x2  
  172  16:09  Marine  
  182  16:19  Marine  
  182  16:24  Marine  
  183  16:26  Marauder  
  183  16:29  Marauder x2  
  183  16:30  Medivac x2  
  191  16:37  Marine x2  
  191  16:38  Marine x3  
  196  16:51  Marine x4, Marauder  
  196  16:53  Marauder  
  185  16:55  Marauder  
  185  17:00  Medivac x2  
  167  17:13  Marauder  
  167  17:14  Marauder  
  171  17:21  Marauder, Marine x7  
  171  17:22  Marine  
  181  17:26  Marine x2  
  181  17:29  Medivac  
  183  17:30  Medivac  
  183  17:34  Marauder  
  183  17:35  Marauder  
  183  17:41  Marine x4  
  183  17:42  Marauder  
  173  17:49  Marine x2  
  166  17:51  Marine  
  166  17:52  Marine x3  
  166  17:55  Marine  
  166  17:56  Marine  
  171  17:58  Marine  
  171  18:00  Marine x3  
  171  18:03  Marine  
  157  18:06  Marine  
  157  18:11  Marine  
  145  18:16  Marine x6  
  130  18:21  Marine  
  130  18:22  Marine x2  
  125  18:27  Marine x3  
  125  18:29  Marine  
  125  18:30  Widow Mine  
  125  18:34  Marine x3  
Tags
 
Add a new tag
Caveats
  • Supply blocks, unpowered buildings, or Contaminate may cause inaccurate times.
  • Supply counts are checked every 10 seconds.